 Dungeon Crawl Stone Soup version 0.25-a0-471-g78e40d7af6 (webtiles) character file.

Game seed: 5108018754773689936, levelgen mode: deterministic

122 Elellon the Conjurer (level 4, -2/24 HPs)
             Began as a Deep Elf Conjurer on Feb 6, 2020.
             Killed by divine providence
             ... invoked by an orc priest
              (13 damage)
             ... on level 3 of the Dungeon.
             The game lasted 00:04:02 (2887 turns).

Elellon the Conjurer (Deep Elf Conjurer)            Turns: 2887, Time: 00:04:02

Health: -2/24      AC:  3    Str:  6    XL:     4   Next: 78%
Magic:  8/13       EV: 13    Int: 20    God:
Gold:   311        SH:  0    Dex: 15    Spells: 10/13 levels left

rFire    . . .     SeeInvis .   o - +1 dagger (speed)
rCold    . . .     Gourm    .   (no shield)
rNeg     . . .     Faith    .   a - +0 robe
rPois    .         Spirit   .   (no helmet)
rElec    .         Reflect  .   (no cloak)
rCorr    .         Harm     .   (no gloves)
MR       .....                  m - +0 pair of boots
Stlth    ++........             (no amulet)
HPRegen  0.08/turn              (no ring)
MPRegen  0.13/turn              (no ring)

@: no status effects
A: no striking features
a: no special abilities


You were on level 3 of the Dungeon.
You were not hungry.

You visited 1 branch of the dungeon, and saw 3 of its levels.

You collected 311 gold pieces.

Inventory:

Hand Weapons
 o - a +1 dagger of speed (weapon)
Armour
 a - a +0 robe (worn)
 m - a +0 pair of boots (worn)
Jewellery
 k - a +1 ring of evasion {unknown}
Scrolls
 b - 3 scrolls of remove curse {unknown}
 e - 2 scrolls of teleportation {unknown}
 g - a scroll of identify {unknown}
 j - a scroll of enchant weapon {unknown}
 l - a scroll of enchant armour {unknown}
 p - a scroll of blinking {unknown}
Potions
 d - 2 potions of brilliance {unknown}
 h - 3 potions of heal wounds {unknown}
 i - a potion of might {unknown}
 n - a potion of curing {unknown}
Comestibles
 c - 5 rations
 f - 3 chunks of flesh


   Skills:
 - Level 2.4 Dodging
 - Level 2.4 Stealth
 + Level 5.2 Spellcasting
 + Level 5.7 Conjurations


You had 10 spell levels left.
You knew the following spells:

 Your Spells              Type           Power        Failure   Level  Hunger
a - Magic Dart            Conj           ####         1%          1    None
b - Searing Ray           Conj           ####..       1%          2    None

Your spell library contained the following spells:

 Spells                   Type           Power        Failure   Level  Hunger
 Dazzling Flash           Conj/Hex       ###...       11%         3    ##.....
 Fulminant Prism          Conj/Hex       ###.......   34%         4    ####...
 Iskenderun's Mystic Bla  Conj/Tloc      ###.....     34%         4    ####...


Dungeon Overview and Level Annotations

Branches:
Dungeon (3/15)

Altars:


Message History

Confirm with . or Enter, or press ? or * to list all spells.
Aiming: Magic Dart (safe; 1% risk of failure)
Press: ? - help, Shift-Dir - straight line, f/p - orc priest
Aim: an orc priest, wielding a +0 club and wearing a +0 ring mail (moderately wounded)
The magic dart hits the orc priest.
The orc priest is moderately wounded.
The orc shouts!
Casting: Magic Dart (safe; 1% risk of failure)
Confirm with . or Enter, or press ? or * to list all spells.
Aiming: Magic Dart (safe; 1% risk of failure)
Press: ? - help, Shift-Dir - straight line, f/p - orc priest
Aim: an orc priest, wielding a +0 club and wearing a +0 ring mail (moderately wounded)
The magic dart hits the orc priest.
The orc priest is heavily wounded.
Things that are here:
a +0 dagger; a goblin skeleton The orc priest mumbles some strange prayers to Beogh against you.
Beogh smites you!
Ouch! That really hurt!
You die...

#.##...######.....######
#.#...).## #...........
#........# #.#.#.#####.
#.......## #.#.#.#####.
##.#>..## #.#......##.
#.##.## #.###.##>##. #. #.#
.).....#.##.
#####.##.####............#.
#.........@....#.###.......
#.###.###.##...............
# #.# .######..#..## #.# #
#..#..# #o# #.>#..# #.#
#..#..# #o# ##..#..# #o#
#......## ... ##...รท...


You could see an orc priest and 2 orcs.

Vanquished Creatures
  2 adders (D:3)
  An ooze (D:1)
  3 worms
  4 dart slugs (D:1)
  A leopard gecko (D:3)
  2 orcs (D:3)
  5 giant cockroaches
  13 goblins
  16 hobgoblins
  3 jackals (D:2)
  A quokka (D:3)
  A ball python (D:1)
  6 bats
  3 frilled lizards
  7 kobolds
  3 rats
71 creatures vanquished.

Notes
Turn   | Place    | Note
-------+----------+-------------------------------------------
     0 | D:1      | Elellon the Deep Elf Conjurer began the quest for the Orb.
     0 | D:1      | Reached XP level 1. HP: 10/10 MP: 6/6
   236 | D:1      | Reached XP level 2. HP: 15/15 MP: 0/8
   304 | D:1      | Learned a level 2 spell: Searing Ray
   865 | D:1      | Reached skill level 5 in Conjurations
   865 | D:1      | Reached XP level 3. HP: 15/19 MP: 3/10
  2017 | D:2      | Reached XP level 4. HP: 24/24 MP: 8/12
  2419 | D:3      | Reached skill level 5 in Spellcasting
  2887 | D:3      | Killed from afar by an orc priest

Levels and vault maps discovered:
D:1:      psy_arrival_fountain, layout_loops_corners
D:2:      cheibrodos_greedy_goblins, layout_loops_ring,
          kennysheep_generic_room_7
D:3:      layout_loops_ring, first_ration, wander_ebering_terrifying_dragon_lair

Skill      XL: |  1  2  3  4 |
---------------+-------------+-----
Spellcasting   | 4 5 |  5.2
Conjurations   | 5 |  5.7
Dodging        | |  2.4
Stealth        | |  2.4

Action                   |  1- 3 |  4- 6 || total
-------------------------+-------+-------++-------
 Cast: Magic Dart        |    76 |    37 ||   113
       Searing Ray       |     3 |     1 ||     4
  Eat: Chunk             |     3 |     3 ||     6
Armor: Robe              |     3 |       ||     3
Dodge: Dodged            |     3 |     2 ||     5

Table legend:
 A = Non-vault XP
 B = Vault XP
 C = Vault XP percentage of total XP
 D = Non-vault monster count
 E = Vault monster count
 F = Vault count percentage of total count
                 A         B        C        D         E       F
            +---------+---------+-------+---------+---------+-------
      Total |     149 |      26 |  14.9 |      58 |      13 |  18.3
            +---------+---------+-------+---------+---------+-------
        D:1 |      51 |       0 |   0.0 |      23 |       0 |   0.0
        D:2 |      34 |      26 |  43.3 |      16 |      13 |  44.8
        D:3 |      64 |       0 |   0.0 |      19 |       0 |   0.0
            +---------+---------+-------+---------+---------+-------
